 Dungeon Crawl Stone Soup version 0.20-a0-1122-gb7cbeb9 (webtiles) character file.

291 Gorglomux the Sneak (level 6, -1/30 HPs)
             Began as a Vine Stalker Assassin on May 13, 2017.
             Slain by a worker ant (3 damage)
             ... on level 3 of the Dungeon.
             The game lasted 00:04:43 (1950 turns).

Gorglomux the Sneak (Vine Stalker Assassin)         Turns: 1950, Time: 00:04:44

Health: -1/30      AC:  3    Str: 14    XL:     6   Next: 32%
Magic:  0/7        EV: 11    Int: 11    God:
Gold:   65         SH:  0    Dex: 17    Spells: 5/5 levels left

rFire    . . .     SeeInvis .   a - +4 dagger (speed)
rCold    . . .     Gourm    .   (no shield)
rNeg     . . .     Faith    .   c - +0 robe
rPois    .         Spirit   +   (no helmet)
rElec    .         Reflect  .   d - +0 cloak
rCorr    .         Harm     .   (no gloves)
MR       .....                  (no boots)
Stlth    ++........             (no amulet)
Regen    0.5/turn               (no ring)
MPRegen  0.1/turn               (no ring)

@: lethally poisoned (-1 -> -1), very slow
A: fangs 2, regeneration 1, magic shield, antimagic bite, no potion heal 3, rot
immunity
a: no special abilities


You were on level 3 of the Dungeon.
You were not hungry.

You visited 1 branch of the dungeon, and saw 3 of its levels.

You collected 65 gold pieces.

Inventory:

Hand Weapons
 a - a +4 dagger of speed (weapon)
   (You took it off a kobold on level 1 of the Dungeon)
 b - a +0 blowgun
 n - a +2 dagger
Missiles
 e - 7 poisoned needles
 f - 2 curare-tipped needles
 r - 25 sling bullets
Armour
 c - a +0 robe (worn)
 d - a +0 cloak (worn)
Scrolls
 i - 3 scrolls of identify {unknown}
 k - a scroll of immolation {unknown}
 m - a scroll of enchant weapon {unknown}
 p - a scroll of teleportation {unknown}
 w - a scroll of remove curse {unknown}
Potions
 h - a potion of might {unknown}
 j - a potion of haste {unknown}
 o - 2 potions of agility {unknown}
 q - a potion of brilliance {unknown}
 t - a potion of resistance {unknown}
 u - a potion of lignification {unknown}
 v - a potion of berserk rage {unknown}
 x - a potion of invisibility {unknown}
Comestibles
 g - 2 bread rations {@e1@e1}
 l - 4 fruits
 s - a meat ration {@e2@e2}


   Skills:
 - Level 1.7 Fighting
 + Level 4.3 Short Blades
 - Level 1.7 Throwing
 - Level 0.7 Dodging
 + Level 7.5 Stealth


You had 5 spell levels left.
You didn't know any spells.

Dungeon Overview and Level Annotations

Branches:
Dungeon (3/15)

Altars:
Kikubaaqudgha


Innate Abilities, Weirdness & Mutations

You have extremely sharp teeth.
Your natural rate of healing is unusually fast.
When hurt, damage is shared between your health and your magic reserves.
Your bite disrupts and absorbs the magic of your enemies.
Potions cannot restore your health.
You are immune to rotting.


Message History

A bat is nearby!
A goblin comes into view.
Unknown command.
There are monsters nearby!
Unknown command.
There are monsters nearby!
Unknown command.
Unknown command.
The helpless bat fails to defend itself.
You stick the bat like a pincushion!!!
You kill the bat!
Unknown command.
Unknown command.
Unknown command.
The helpless goblin fails to defend itself.
You spit the goblin like a pig!!!
You kill the goblin!
Unknown command.
x - a fizzy red potion No target in view!
Unknown command.
Found a stone staircase leading up.
No target in view!
Unknown command.
A leopard gecko comes into view.
Unknown command.
A leopard gecko is nearby!
Unknown command.
A leopard gecko is nearby!
Unknown command.
The helpless leopard gecko fails to defend itself.
You skewer the leopard gecko like a kebab!!!
You kill the leopard gecko!
You see here a leopard gecko corpse.
You found a teleport trap!
A kobold comes into view. It is wielding a short sword.
You see here a cloak.
No reachable target in view!
Unknown command.
A kobold is nearby!
No reachable target in view!
Unknown command.
A kobold is nearby!
Unknown command.
A kobold is nearby!
Unknown command.
No reachable target in view!
No reachable target in view!
Wear which item (? for menu, Esc to quit)
Okay, then.
What are your orders? t - Shout!
Orders for allies: a - Attack new target. r - Retreat! s - Stop attacking. g - Guard the area. f - Follow me.
Anything else - Cancel.
You shout for attention!
You see here a cloak.
No reachable target in view!
You enter the shallow water.
Moving in this stuff is going to be slow.
A worker ant comes into view.
You enter the shallow water.
Moving in this stuff is going to be slow.
The kobold closely misses you. The worker ant bites you!
You are poisoned.
The worker ant poisons you! The worker ant closely misses you.
You take 7 damage, and have 23/30 hp.
MASSIVE DAMAGE!!
You now have 6/7 mp.
You hit the worker ant but do no damage.
You bite the worker ant. You drain its power.
You feel invigorated.
You feel sick. The kobold barely misses you.
MP restored: 7 You hit the worker ant but do no damage.
Your bite misses the worker ant. The worker ant bites you.
You take 5 damage, and have 18/30 hp.
You now have 6/7 mp.
You hit the worker ant. The kobold barely misses you.
You closely miss the worker ant.
You feel sick. The worker ant barely misses you.
You take 1 damage, and have 17/30 hp.
You hit the worker ant. Your bite misses the worker ant.
The worker ant bites you! The kobold hits you with a short sword.
* * * LOW HITPOINT WARNING * * *
You take 9 damage, and have 8/30 hp.
MASSIVE DAMAGE!!
You now have 2/7 mp.
You closely miss the worker ant.
You enter the shallow water.
Moving in this stuff is going to be slow.
You feel sick. The kobold hits you but does no damage.
The worker ant bites you.
* * * LOW HITPOINT WARNING * * *
The kobold hits you but does no damage.
You take 3 damage, and have 5/30 hp.
You feel sick. The worker ant bites you.
* * * LOW HITPOINT WARNING * * *
The worker ant bites you.
You die...

..P.≈≈≈≈...
#...≈≈≈≈...#
#...≈≈≈≈≈..#
#..≈≈≈≈P≈..#
#..≈≈≈≈≈...# #...
#...≈≈≈≈...####..#
#...≈≈≈...[##.#..#
#..K≈≈P≈...#.#^..# #
#..≈@≈≈≈....###..# #
##.a.≈≈....## ##.# ##
#..≈≈≈≈....###..###.
#...≈P≈≈≈...#.#...†...
#...≈≈≈≈≈≈..##.##.#.##
#...P≈≈≈≈≈..##.##.#.##
#...≈≈≈≈≈...##.##.#.##
#..≈.P≈≈≈.≈.....##.#.##
#...≈≈≈≈P≈...#####.#.##


You could see a worker ant and a kobold.

Vanquished Creatures
  Sigmund (D:2)
  2 orc priests (D:3)
  2 adders (D:2)
  A worm (D:2)
  A dart slug (D:1)
  4 leopard geckos
  3 orcs (D:3)
  2 giant cockroaches
  2 hobgoblins (D:1)
  6 bats
  4 goblins
  8 kobolds
  7 rats
43 creatures vanquished.

Vanquished Creatures (others)
  12 toadstools (D:3)
12 creatures vanquished.

Grand Total: 55 creatures vanquished

Notes
Turn   | Place    | Note
-------+----------+-------------------------------------------
     0 | D:1      | Gorglomux the Vine Stalker Assassin began the quest for the Orb.
     0 | D:1      | Reached XP level 1. HP: 11/11 MP: 2/2
    48 | D:1      | Reached skill level 2 in Short Blades
    71 | D:1      | Reached skill level 5 in Stealth
    98 | D:1      | Reached XP level 2. HP: 15/15 MP: 3/3
   734 | D:1      | Reached XP level 3. HP: 17/18 MP: 2/4
   800 | D:2      | Gorglomux: &watch manman
   800 | D:2      | beem: http://crawl.berotato.org:8080/#watch-Manman
  1124 | D:2      | Noticed Sigmund
  1152 | D:2      | Killed Sigmund
  1152 | D:2      | Reached skill level 4 in Short Blades
  1152 | D:2      | Reached skill level 7 in Stealth
  1152 | D:2      | Gained mutation: Your natural rate of healing is unusually fast. [Vine Stalker growth]
  1152 | D:2      | Reached XP level 4. HP: 23/23 MP: 5/5
  1152 | D:2      | Reached XP level 5. HP: 26/26 MP: 6/6
  1662 | D:3      | Found an ancient bone altar of Kikubaaqudgha.
  1679 | D:3      | Reached XP level 6. HP: 20/30 MP: 7/7
  1949 | D:3      | HP: 5/30 [worker ant (3)]
  1950 | D:3      | HP: 2/30 [worker ant (3)]
  1950 | D:3      | Slain by a worker ant

Vault maps used:
D:1:      dpeg_arrival_rooms_b
D:2:      serial_co_window_serial, co_window_of_opportunity_a,
          co_window_corner_a, co_window_cross_1, co_window_corner_a,
          co_window_paths_a, co_window_2corner, co_window_of_opportunity_b,
          co_window_unsneaky_path_e, co_window_sun, co_window_4corner_a,
          glass_columns_c, glass_columns_a, glass_columns_a, uniq_sigmund
D:3:      cheibrodos_fertilizer, overflow_temple_1_default, first_bread,
          chequers_big_river, uniq_jessica, uniq_terence

Skill      XL: |  1  2  3 |
---------------+----------+-----
Short Blades   | 2 4 |  4.3
Stealth        | 5 7 |  7.5
Fighting       | |  1.7
Throwing       | |  1.7
Dodging        | |  0.7

Action                   |  1- 3 |  4- 6 || total
-------------------------+-------+-------++-------
Melee: Dagger            |    48 |    51 ||    99
       Bite              |     5 |    16 ||    21
 Fire: Blowgun           |     4 |     1 ||     5
 Stab: Sleeping          |     9 |     5 ||    14
       Distracted        |     1 |       ||     1
  Eat: Royal jelly       |       |     1 ||     1
       Chunk             |       |     1 ||     1
Armor: Robe              |     7 |     3 ||    10
Dodge: Dodged            |    13 |    14 ||    27

Vault maps used:
D:1:      dpeg_arrival_rooms_b
D:2:      serial_co_window_serial, co_window_of_opportunity_a,
          co_window_corner_a, co_window_cross_1, co_window_corner_a,
          co_window_paths_a, co_window_2corner, co_window_of_opportunity_b,
          co_window_unsneaky_path_e, co_window_sun, co_window_4corner_a,
          glass_columns_c, glass_columns_a, glass_columns_a, uniq_sigmund
D:3:      cheibrodos_fertilizer, overflow_temple_1_default, first_bread,
          chequers_big_river, uniq_jessica, uniq_terence

Table legend:
 A = Turns spent in this place as a percentage of turns spent in the entire game.
 B = Non-inter-level travel turns spent in this place as a percentage of non-inter-level travel turns spent in the entire game.
 C = Inter-level travel turns spent in this place as a percentage of turns spent in this place.
 D = Turns resting spent in this place as a percentage of non-inter-level travel turns spent in this place.
 E = Turns spent auto-exploring this place as a percentage of non-inter-level travel turns spent in this place.
 F = Non-inter-level travel turns spent in this place divided by the number of levels of this place that you've seen.
                   A       B       C       D       E      F
               +-------+-------+-------+-------+-------+----------------------
         Total | 100.0 | 100.0 |   0.5 |   0.5 |  10.4 | 268.0
       Dungeon | 100.0 | 100.0 |   0.5 |   0.5 |  10.4 | 268.0
               +-------+-------+-------+-------+-------+----------------------

Table legend:
 A = Kills in this place as a percentage of kills in entire the game.
 B = Kills by you in this place as a percentage of kills by you in the entire game.
 C = Kills by friends in this place as a percentage of kills by friends in the entire game.
 D = Other kills in this place as a percentage of other kills in the entire game.
 E = Experience gained in this place as a percentage of experience gained in the entire game.
 F = Experience gained in this place divided by the number of levels of this place that you have seen.
                   A       B       C       D       E      F
               +-------+-------+-------+-------+-------+----------------------
         Total | 100.0 | 100.0 |  -nan |  -nan | 100.0 | 139.0
       Dungeon | 100.0 | 100.0 |  -nan |  -nan | 100.0 | 139.0
               +-------+-------+-------+-------+-------+----------------------
